 Dungeon Crawl Stone Soup version 0.21-a0-630-g344d351 (webtiles) character file.

60 tidbits the Digger (level 4, 31/32 HPs)
             Began as a Gnoll Earth Elementalist on Dec 26, 2017.
             Quit the game on level 2 of the Dungeon.
             The game lasted 00:03:00 (377 turns).

tidbits the Digger (Gnoll Earth Elementalist)        Turns: 377, Time: 00:03:01

Health: 31/32      AC:  2    Str: 10    XL:     4   Next: 6%
Magic:  6/11       EV: 15    Int: 18    God:
Gold:   33         SH:  0    Dex: 16    Spells: 10/13 levels left

rFire    . . .     SeeInvis .   a - -3 hand axe (curse)
rCold    . . .     Gourm    .   (no shield)
rNeg     . . .     Faith    .   c - +0 robe
rPois    .         Spirit   .   (no helmet)
rElec    .         Reflect  .   (no cloak)
rCorr    .         Harm     .   (no gloves)
MR       .....                  (no boots)
Stlth    +++.......             (no amulet)
HPRegen  0.10/turn              (no ring)
MPRegen  0.12/turn              (no ring)

@: no status effects
A: distributed training, fangs 1, strong nose
a: no special abilities


You were on level 2 of the Dungeon.
You were not hungry.

You visited 1 branch of the dungeon, and saw 3 of its levels.

You collected 33 gold pieces.

Inventory:

Hand Weapons
 a - a cursed -3 hand axe (weapon)
 f - a +0 dagger
Armour
 c - a +0 robe (worn)
Wands
 i - a wand of clouds (4)
Scrolls
 h - a scroll of enchant armour {unknown}
 j - a scroll of remove curse {unknown}
Books
 e - a book of Geomancy

   Spells                             Type                      Level
   a - Sandblast                      Earth                        1
   b - Passwall                       Transmutation/Earth          2
   c - Stone Arrow                    Conjuration/Earth            3
   d - Petrify                        Transmutation/Earth          4
   e - Lee's Rapid Deconstruction     Earth                        5
Comestibles
 d - 4 rations


   Skills:
 + Level 1.0 Fighting
 + Level 1.0 Short Blades
 + Level 1.0 Long Blades
 + Level 1.0 Axes
 + Level 1.0 Maces & Flails
 + Level 1.0 Polearms
 + Level 1.0 Staves
 + Level 1.0 Slings
 + Level 1.0 Bows
 + Level 1.0 Crossbows
 + Level 1.0 Throwing
 + Level 1.0 Armour
 + Level 4.6 Dodging
 + Level 4.2 Stealth
 + Level 1.0 Shields
 + Level 1.0 Unarmed Combat
 + Level 5.0 Spellcasting
 + Level 0.7 Conjurations
 + Level 0.7 Hexes
 + Level 0.7 Charms
 + Level 0.7 Summonings
 + Level 0.7 Necromancy
 + Level 0.7 Translocations
 + Level 2.2 Transmutations
 + Level 0.7 Fire Magic
 + Level 0.7 Ice Magic
 + Level 0.7 Air Magic
 + Level 5.4 Earth Magic
 + Level 0.7 Poison Magic
 + Level 1.1 Invocations
 + Level 1.0 Evocations


You had 10 spell levels left.
You knew the following spells:

 Your Spells              Type           Power        Failure   Level  Hunger
a - Sandblast             Erth           ###...       1%          1    None
p - Passwall              Tmut/Erth      ###.......   4%          2    #......


Dungeon Overview and Level Annotations

Branches:
Dungeon (3/15)

Altars:

Annotations:
D:2 Terence


Innate Abilities, Weirdness & Mutations

Your experience applies equally to all skills.
You have very sharp teeth.
Your uncanny sense of smell can sniff out nearby items.


Message History

b - 3 stones It was a potion of might.
You feel very mighty all of a sudden. The bat closely misses you.
The adder bites you. The adder barely misses you.
You slash the adder!
You kill the adder!
Your Fighting skill increases to level 1!
Your Short Blades skill increases to level 1!
Your Long Blades skill increases to level 1!
Your Axes skill increases to level 1!
Your Maces & Flails skill increases to level 1!
Your Polearms skill increases to level 1!
Your Staves skill increases to level 1!
Your Slings skill increases to level 1!
Your Bows skill increases to level 1!
Your Crossbows skill increases to level 1!
Your Throwing skill increases to level 1!
Your Armour skill increases to level 1!
Your Shields skill increases to level 1!
Your Unarmed Combat skill increases to level 1!
Your Evocations skill increases to level 1!
The bat hits you but does no damage.
There is a stone staircase leading down here.
You hit the bat but do no damage. The bat misses you.
The bat closely misses you.
You miss the bat. Your bite misses the bat. The bat barely misses you.
You closely miss the bat. The bat hits you but does no damage.
The bat hits you but does no damage.
You closely miss the bat. You bite the bat.
You kill the bat!
You see here a bat corpse.
There is a stone staircase leading up here.
You climb upwards.
A dart slug comes into view.
Found a dagger.
There is a stone staircase leading down here.
The helpless dart slug fails to defend itself.
You slash the dart slug! You bite the dart slug.
You kill the dart slug!
You have reached level 4!
You feel agile.
There is a stone staircase leading down here.
You climb downwards.
Level annotation: Terence
There is a stone staircase leading up here.
You see here a bat corpse.
There is a stone staircase leading down here.
You climb downwards.
Found a hunting sling.
There is a stone staircase leading up here.
Found a ration.
d - 4 rations (gained 1)
There is a stone staircase leading up here.
You climb upwards.
Level annotation: Terence
There is a stone staircase leading down here.
You see here an adder corpse.
The jackal barks!
You feel a little less mighty now.
Terence shouts!
Terence says, "Time to say good-bye..."
Found an escape hatch in the floor.
Found a trident.
The jackal bites you but does no damage.
You aren't carrying any potions.
Unknown command.
Okay, then.
An orc comes into view. It is wielding a dagger.
The jackal barely misses you.
Casting: Sandblast
Confirm with . or Enter, or press ? or * to list all spells.
Aiming: Sandblast
Press: ? - help, Shift-Dir - straight line, f - jackal
Aim: a jackal The blast of sand hits the jackal.
b - 2 stones The jackal bites you but does no damage.
Casting: Sandblast
Confirm with . or Enter, or press ? or * to list all spells.
Aiming: Sandblast
Press: ? - help, Shift-Dir - straight line, f/p - jackal
Aim: a jackal The blast of sand hits the jackal.
You kill the jackal!
b - a stone
Casting: Sandblast
Confirm with . or Enter, or press ? or * to list all spells.
Aiming: Sandblast
Press: ? - help, Shift-Dir - straight line, f - jackal
Aim: a jackal The blast of sand hits the jackal.
You kill the jackal!
You now have no stones remaining.
Casting: Sandblast
Confirm with . or Enter, or press ? or * to list all spells.
Aiming: Sandblast
Press: ? - help, Shift-Dir - straight line, f - Terence
Aim: Terence, wielding a trident and wearing a scale mail You don't have any stones to cast with.
Unknown command.
Are you sure you want to abandon this character and quit the game? (Confirm with "yes".)

#.. #........###......
#... #..).....# ##.....
#...#####........# ##....
#..o..#######..## #....
#.....# ##.### #....
#.)...# #...# ....#
#.....### ######.# #....#
#.....@.###...##.#.......
#.....#.@## #......#....#
#.....##...##..##...... #
#......###..##...........
######.# ##.....##.......
#.###...............
#.@##..............#
##.....@...........#
####........)..#
..###....#..#


You could see Terence.

Vanquished Creatures
  2 adders (D:2)
  2 oozes
  3 dart slugs
  A leopard gecko (D:2)
  2 bats
  A giant cockroach (D:2)
  2 hobgoblins
  5 jackals (D:2)
  A quokka (D:2)
  A ball python (D:1)
  A frilled lizard (D:2)
  2 goblins
  2 kobolds (D:2)
  3 rats
28 creatures vanquished.

Notes
Turn   | Place    | Note
-------+----------+-------------------------------------------
     0 | D:1      | tidbits the Gnoll Earth Elementalist began the quest for the Orb.
     0 | D:1      | Reached XP level 1. HP: 13/13 MP: 6/6
    24 | D:1      | Reached skill level 2 in Transmutations
    70 | D:1      | Reached XP level 2. HP: 19/19 MP: 4/7
    74 | D:1      | Learned a level 2 spell: Passwall
    83 | D:2      | Noticed Terence
   151 | D:2      | Reached skill level 5 in Spellcasting
   151 | D:2      | Reached XP level 3. HP: 25/25 MP: 0/9
   279 | D:2      | Reached skill level 1 in Invocations
   307 | D:2      | Reached skill level 1 in Fighting
   307 | D:2      | Reached skill level 1 in Short Blades
   307 | D:2      | Reached skill level 1 in Long Blades
   307 | D:2      | Reached skill level 1 in Axes
   307 | D:2      | Reached skill level 1 in Maces & Flails
   307 | D:2      | Reached skill level 1 in Polearms
   307 | D:2      | Reached skill level 1 in Staves
   307 | D:2      | Reached skill level 1 in Slings
   307 | D:2      | Reached skill level 1 in Bows
   307 | D:2      | Reached skill level 1 in Crossbows
   307 | D:2      | Reached skill level 1 in Throwing
   307 | D:2      | Reached skill level 1 in Armour
   307 | D:2      | Reached skill level 1 in Shields
   307 | D:2      | Reached skill level 1 in Unarmed Combat
   307 | D:2      | Reached skill level 1 in Evocations
   322 | D:1      | Reached XP level 4. HP: 25/32 MP: 2/11
   377 | D:2      | Quit the game

Vault maps used:
D:1:      wheals_arrival_shading
D:2:      nicolae_qazlal_style_of_elements, uniq_crazy_yiuf_cottage,
          uniq_terence
D:3:      first_ration, uniq_jessica, uniq_grinder, uniq_natasha

Skill      XL: |  1  2  3 |
---------------+----------+-----
Transmutations | 2 |  2.2
Spellcasting   | 5 |  5.0
Invocations    | 1 |  1.1
Fighting       | 1 |  1.0
Short Blades   | 1 |  1.0
Long Blades    | 1 |  1.0
Axes           | 1 |  1.0
Maces & Flails | 1 |  1.0
Polearms       | 1 |  1.0
Staves         | 1 |  1.0
Slings         | 1 |  1.0
Bows           | 1 |  1.0
Crossbows      | 1 |  1.0
Throwing       | 1 |  1.0
Armour         | 1 |  1.0
Shields        | 1 |  1.0
Unarmed Combat | 1 |  1.0
Evocations     | 1 |  1.0
Dodging        | |  4.6
Stealth        | |  4.2
Conjurations   | |  0.7
Hexes          | |  0.7
Charms         | |  0.7
Summonings     | |  0.7
Necromancy     | |  0.7
Translocations | |  0.7
Fire Magic     | |  0.7
Ice Magic      | |  0.7
Air Magic      | |  0.7
Earth Magic    | |  5.4
Poison Magic   | |  0.7

Action                   |  1- 3 |  4- 6 || total
-------------------------+-------+-------++-------
Melee: Unarmed           |     1 |       ||     1
       Hand axe          |     7 |       ||     7
       Bite              |     2 |       ||     2
 Cast: Sandblast         |    33 |     3 ||    36
  Use: Potion            |     1 |       ||     1
 Stab: Sleeping          |     3 |       ||     3
Armor: Robe              |     4 |     2 ||     6
Dodge: Dodged            |    25 |     1 ||    26

Table legend:
 A = Spawn XP
 B = Non-spawn XP
 C = Spawn XP percentage of total XP
 D = Spawn monster count
 E = Non-spawn monster count
 F = Spawn count percentage of total count
 G = Total turns spent on level
                    A         B        C        D         E        F      G
               +---------+---------+-------+---------+---------+-------+---------
         Total |       0 |      87 |   0.0 |       0 |      28 |   0.0 |   377
               +---------+---------+-------+---------+---------+-------+---------
           D:1 |       0 |      23 |   0.0 |       0 |       8 |   0.0 |   142
           D:2 |       0 |      64 |   0.0 |       0 |      20 |   0.0 |   215
               +---------+---------+-------+---------+---------+-------+---------

Table legend:
 A = Turns spent in this place as a percentage of turns spent in the entire game.
 B = Non-inter-level travel turns spent in this place as a percentage of non-inter-level travel turns spent in the entire game.
 C = Inter-level travel turns spent in this place as a percentage of turns spent in this place.
 D = Turns resting spent in this place as a percentage of non-inter-level travel turns spent in this place.
 E = Turns spent auto-exploring this place as a percentage of non-inter-level travel turns spent in this place.
 F = Non-inter-level travel turns spent in this place divided by the number of levels of this place that you've seen.
                   A       B       C       D       E      F
               +-------+-------+-------+-------+-------+----------------------
         Total | 100.0 | 100.0 |   0.0 |   0.0 |   0.0 | 125.7
       Dungeon | 100.0 | 100.0 |   0.0 |   0.0 |   0.0 | 125.7
               +-------+-------+-------+-------+-------+----------------------

Table legend:
 A = Kills in this place as a percentage of kills in entire the game.
 B = Kills by you in this place as a percentage of kills by you in the entire game.
 C = Kills by friends in this place as a percentage of kills by friends in the entire game.
 D = Other kills in this place as a percentage of other kills in the entire game.
 E = Experience gained in this place as a percentage of experience gained in the entire game.
 F = Experience gained in this place divided by the number of levels of this place that you have seen.
                   A       B       C       D       E      F
               +-------+-------+-------+-------+-------+----------------------
         Total | 100.0 | 100.0 |   N/A |   N/A | 100.0 |  29.0
       Dungeon | 100.0 | 100.0 |   N/A |   N/A | 100.0 |  29.0
               +-------+-------+-------+-------+-------+----------------------

Vault maps used:
D:1:      wheals_arrival_shading
D:2:      nicolae_qazlal_style_of_elements, uniq_crazy_yiuf_cottage,
          uniq_terence
D:3:      first_ration, uniq_jessica, uniq_grinder, uniq_natasha
